TOP OF THE 1ST |
Lexington Legends batting - Pitching for Greenville Drive : RHP Jose Escobar
|
Pitching: RHP Jose Escobar
|
|
Batting: RHB Andy Urquhart
|
0-0: Fly out, F4 (Popup, 4MS, EV 69.4 MPH)
|
Batting: LHB Robert Wilkins
|
0-0: Swinging Strike 0-1: Ball 1-1: Fly out, F8 (Line Drive, 8RM, EV 90.6 MPH)
|
Batting: LHB Danny Bailey
|
0-0: Ground out 6-3 (Groundball, P, EV 79.4 MPH)
|
Top of the 1st over - 0 runs, 0 hits, 0 errors, 0 left on base; Lexington 0 - Greenville 0 |
BOTTOM OF THE 1ST |
Greenville Drive batting - Pitching for Lexington Legends : RHP Justin Nipper
|
Pitching: RHP Justin Nipper
|
|
Batting: RHB David Norum
|
0-0: Ball 1-0: Ball 2-0: Bunt missed! 2-1: Foul Ball, location: 2F 2-2: Foul Ball, location: 2F 2-2: Ground out 4-3 (Groundball, 4, EV 105.6 MPH)
|
Batting: LHB Frank Olivo
|
0-0: Called Strike 0-1: Foul Ball, location: 2F 0-2: Ball 1-2: Ball 2-2: Strikes out swinging
|
Batting: RHB Tommy Boudreaux
|
0-0: Ball 1-0: Called Strike 1-1: Ball 2-1: Foul Ball, location: 2F 2-2: Ball 3-2: Base on Balls
|
Batting: LHB Sergio Tinoco
|
0-0: Foul Ball, location: 2F 0-1: Swinging Strike 0-2: TRIPLE (Line Drive, 89XD, EV 110.0 MPH) Tommy Boudreaux scores
|
Batting: LHB Jarrett Mordecai
|
0-0: Called Strike 0-1: Ball 1-1: Ball 2-1: Foul Ball, location: 2F 2-2: Ball 3-2: Foul Ball, location: 2F 3-2: Foul Ball, location: 2F 3-2: Ground out 3-1 (Groundball, 34, EV 79.4 MPH)
|
Bottom of the 1st over - 1 run, 1 hit, 0 errors, 1 left on base; Lexington 0 - Greenville 1 |
TOP OF THE 2ND |
Lexington Legends batting - Pitching for Greenville Drive : RHP Jose Escobar
|
Batting: RHB Eric Davis
|
0-0: Ball 1-0: Ball 2-0: Called Strike 2-1: Ground out 5-3 (Groundball, 5, EV 96.9 MPH)
|
Batting: SHB Dan Langston
|
0-0: Called Strike 0-1: Reached on error, E4 (Groundball, 4, EV 85.6 MPH)
|
Batting: RHB Nate Mumaw
|
0-0: Ball 1-0: Fielders Choice at 2nd, 3-6 (Groundball, 34, EV 101.9 MPH)
|
Batting: RHB Pete Deschamps
|
0-0: Called Strike 0-1: Ball 1-1: Ball Wild Pitch! Nate Mumaw to second 2-1: Ball 3-1: Ground out 5-3 (Groundball, 56, EV 105.6 MPH)
|
Top of the 2nd over - 0 runs, 0 hits, 1 error, 1 left on base; Lexington 0 - Greenville 1 |
BOTTOM OF THE 2ND |
Greenville Drive batting - Pitching for Lexington Legends : RHP Justin Nipper
|
Batting: RHB Nick Cottrell
|
0-0: Ball 1-0: Ground out U3 (Groundball, 3, EV 108.8 MPH)
|
Batting: RHB Adugna Chandu
|
0-0: Ball 1-0: Swinging Strike 1-1: Ball 2-1: Swinging Strike 2-2: Strikes out swinging
|
Batting: RHB Jose Diaz
|
0-0: Called Strike 0-1: Ground out U3 (Groundball, 3, EV 87.5 MPH)
|
Bottom of the 2nd over - 0 runs, 0 hits, 0 errors, 0 left on base; Lexington 0 - Greenville 1 |
TOP OF THE 3RD |
Lexington Legends batting - Pitching for Greenville Drive : RHP Jose Escobar
|
Batting: RHB Kunimatsu Oya
|
0-0: Ball 1-0: Foul Ball, location: 2F 1-1: SINGLE (Groundball, 56, EV 102.5 MPH) (infield hit)
|
Batting: LHB Brian Carlson
|
0-0: SINGLE (Line Drive, 78S, EV 102.5 MPH) Kunimatsu Oya to second
|
Batting: RHB Andy Urquhart
|
0-0: Ball 1-0: Called Strike 1-1: Fly out, F9 (Flyball, 9D, EV 85.6 MPH) Runner from 2nd tags up, SAFE at 3rd, no throw by RF
|
Batting: LHB Robert Wilkins
|
0-0: Called Strike 0-1: Swinging Strike 0-2: Ball 1-2: Fielders Choice at 2nd, 5-4 (Groundball, 56, EV 100.0 MPH) Kunimatsu Oya scores
|
Batting: LHB Danny Bailey
|
0-0: Foul Ball, location: 2F 0-1: Ball 1-1: Fly out, F8 (Line Drive, 8RM, EV 101.2 MPH)
|
Top of the 3rd over - 1 run, 2 hits, 0 errors, 1 left on base; Lexington 1 - Greenville 1 |
BOTTOM OF THE 3RD |
Greenville Drive batting - Pitching for Lexington Legends : RHP Justin Nipper
|
Batting: RHB John Chiesa
|
0-0: Called Strike 0-1: Swinging Strike 0-2: Strikes out looking
|
Batting: RHB David Norum
|
0-0: Ball 1-0: Called Strike 1-1: Foul Ball, location: 2F 1-2: Ball 2-2: Strikes out swinging
|
Batting: LHB Frank Olivo
|
0-0: Called Strike 0-1: Ball 1-1: Foul Ball, location: 2F 1-2: Ball 2-2: Ball 3-2: Ground out 4-3 (Groundball, 4, EV 100.6 MPH)
|
Bottom of the 3rd over - 0 runs, 0 hits, 0 errors, 0 left on base; Lexington 1 - Greenville 1 |
TOP OF THE 4TH |
Lexington Legends batting - Pitching for Greenville Drive : RHP Jose Escobar
|
Batting: RHB Eric Davis
|
0-0: Ball 1-0: Ball 2-0: Called Strike 2-1: Fly out, F9 (Flyball, 9LM, EV 98.1 MPH)
|
Batting: SHB Dan Langston
|
0-0: Swinging Strike 0-1: Ball 1-1: Ball 2-1: Called Strike 2-2: Fly out, F8 (Flyball, 8RM, EV 95.6 MPH)
|
Batting: RHB Nate Mumaw
|
0-0: Ball 1-0: Ground out 4-3 (Groundball, 4, EV 103.8 MPH)
|
Top of the 4th over - 0 runs, 0 hits, 0 errors, 0 left on base; Lexington 1 - Greenville 1 |
BOTTOM OF THE 4TH |
Greenville Drive batting - Pitching for Lexington Legends : RHP Justin Nipper
|
Batting: RHB Tommy Boudreaux
|
0-0: Ball 1-0: Ball 2-0: Ball 3-0: Called Strike 3-1: Base on Balls
|
Batting: LHB Sergio Tinoco
|
0-0: Foul Ball, location: 2F 0-1: DOUBLE (Flyball, 8LD, EV 89.4 MPH) Tommy Boudreaux to third
|
Batting: LHB Jarrett Mordecai
|
0-0: Ball 1-0: Ball 2-0: Foul Ball, location: 2F 2-1: Ball 3-1: Called Strike 3-2: Foul Ball, location: 2F 3-2: Base on Balls
|
Batting: RHB Nick Cottrell
|
0-0: Ball 1-0: Ball 2-0: Swinging Strike 2-1: Ball 3-1: Base on Balls Tommy Boudreaux scores Sergio Tinoco to third Jarrett Mordecai to second
|
Batting: RHB Adugna Chandu
|
0-0: Ball 1-0: Ball 2-0: Foul Ball, location: 2F 2-1: Swinging Strike 2-2: Ball 3-2: Foul Ball, location: 2F 3-2: GRAND SLAM HOME RUN (Flyball, 78XD, EV 105.6 MPH), Distance : 420 ft
|
Pitching: RHP Billy Havlik
|
|
Batting: RHB Jose Diaz
|
0-0: Fly out, F9 (Flyball, 9LM, EV 101.2 MPH)
|
Batting: RHB John Chiesa
|
0-0: Ball 1-0: Called Strike 1-1: Ball 2-1: Foul Ball, location: 2F 2-2: Strikes out looking
|
Batting: RHB David Norum
|
0-0: Ball 1-0: Foul Ball, location: 2F 1-1: Swinging Strike 1-2: Fly out, F6 (Flyball, 5D, EV 92.5 MPH)
|
Bottom of the 4th over - 5 runs, 2 hits, 0 errors, 0 left on base; Lexington 1 - Greenville 6 |
TOP OF THE 5TH |
Lexington Legends batting - Pitching for Greenville Drive : RHP Jose Escobar
|
Batting: RHB Pete Deschamps
|
0-0: Called Strike 0-1: Ball 1-1: Ball 2-1: Swinging Strike 2-2: Fly out, F4 (Popup, 4S, EV 77.5 MPH)
|
Batting: RHB Kunimatsu Oya
|
0-0: Ball 1-0: Fly out, F7 (Line Drive, 7, EV 111.2 MPH)
|
Batting: LHB Brian Carlson
|
0-0: Fly out, F9 (Flyball, 9, EV 96.2 MPH)
|
Top of the 5th over - 0 runs, 0 hits, 0 errors, 0 left on base; Lexington 1 - Greenville 6 |
BOTTOM OF THE 5TH |
Greenville Drive batting - Pitching for Lexington Legends : RHP Billy Havlik
|
Batting: LHB Frank Olivo
|
0-0: Called Strike 0-1: Foul Ball, location: 2F 0-2: Foul Ball, location: 2F 0-2: SINGLE (Flyball, 78S, EV 96.2 MPH)
|
Batting: RHB Tommy Boudreaux
|
0-0: Fly out, F3 (Popup, 3SF, EV 76.9 MPH)
|
Batting: LHB Sergio Tinoco
|
0-0: Called Strike 0-1: Foul Ball, location: 2F 0-2: Foul Ball, location: 2F 0-2: SINGLE (Flyball, 6D, EV 89.4 MPH) Frank Olivo to second
|
Batting: LHB Jarrett Mordecai
|
0-0: Ball 1-0: Ball 2-0: Called Strike 2-1: Ball 3-1: Base on Balls Frank Olivo to third Sergio Tinoco to second
|
Batting: RHB Nick Cottrell
|
0-0: Called Strike 0-1: Swinging Strike 0-2: Strikes out swinging
|
Pitching: RHP Michiyo Takayama
|
|
Batting: RHB Adugna Chandu
|
0-0: Ball 1-0: Ball 2-0: Ground out 5-3 (Groundball, 56S, EV 64.4 MPH)
|
Bottom of the 5th over - 0 runs, 2 hits, 0 errors, 3 left on base; Lexington 1 - Greenville 6 |
TOP OF THE 6TH |
Lexington Legends batting - Pitching for Greenville Drive : RHP Jose Escobar
|
Batting: RHB Andy Urquhart
|
0-0: Ball 1-0: Ground out 6-3 (Groundball, 6, EV 108.8 MPH)
|
Batting: LHB Robert Wilkins
|
0-0: Ball 1-0: Fly out, F7 (Flyball, 78S, EV 83.1 MPH)
|
Batting: LHB Danny Bailey
|
0-0: Foul Ball, location: 2F 0-1: Called Strike 0-2: Ball 1-2: Ground out 3-1 (Groundball, 34, EV 89.4 MPH)
|
Top of the 6th over - 0 runs, 0 hits, 0 errors, 0 left on base; Lexington 1 - Greenville 6 |
BOTTOM OF THE 6TH |
Greenville Drive batting - Pitching for Lexington Legends : RHP Michiyo Takayama
|
Batting: RHB Jose Diaz
|
0-0: Ball 1-0: Called Strike 1-1: Foul Ball, location: 2F 1-2: Foul Ball, location: 2F 1-2: Strikes out swinging, 2-3 out at first.
|
Batting: RHB John Chiesa
|
0-0: Ball 1-0: Called Strike 1-1: SINGLE (Line Drive, 6M, EV 100.0 MPH)
|
Batting: RHB David Norum
|
0-0: Ball John Chiesa steals 2nd base (no throw) 1-0: Ball 2-0: Ball 3-0: Base on Balls
|
Batting: LHB Frank Olivo
|
0-0: Foul Ball, location: 2F 0-1: Ball 1-1: Ball 2-1: DOUBLE (Groundball, 5L, EV 105.6 MPH) John Chiesa scores David Norum to third
|
Batting: RHB Tommy Boudreaux
|
0-0: Foul Ball, location: 2F 0-1: Swinging Strike 0-2: Ball 1-2: Ground out 6-3 (Groundball, 6M, EV 93.1 MPH) David Norum scores Frank Olivo to third
|
Batting: LHB Sergio Tinoco
|
0-0: Ball 1-0: Called Strike 1-1: Ball 2-1: Fly out, F7 (Flyball, 7, EV 81.2 MPH)
|
Bottom of the 6th over - 2 runs, 2 hits, 0 errors, 1 left on base; Lexington 1 - Greenville 8 |
TOP OF THE 7TH |
Lexington Legends batting - Pitching for Greenville Drive : RHP Jose Escobar
|
Batting: RHB Eric Davis
|
0-0: Foul Ball, location: 2F 0-1: Ball 1-1: Ball 2-1: Ball 3-1: Called Strike 3-2: Ground out 6-3 (Groundball, 6, EV 83.8 MPH)
|
Batting: SHB Dan Langston
|
0-0: Swinging Strike 0-1: SINGLE (Groundball, 6, EV 97.5 MPH)
|
Batting: RHB Nate Mumaw
|
0-0: SINGLE (Groundball, 6MD, EV 93.8 MPH) Dan Langston to second
|
Batting: RHB Pete Deschamps
|
0-0: Called Strike 0-1: Fly out, F8 (Flyball, 8LM, EV 98.1 MPH)
|
Batting: RHB Kunimatsu Oya
|
0-0: DOUBLE (Groundball, 5L, EV 96.9 MPH) Dan Langston scores Nate Mumaw to third
|
Batting: LHB Brian Carlson
|
0-0: Ball 1-0: SINGLE (Groundball, 4MD, EV 93.8 MPH) Nate Mumaw scores Kunimatsu Oya to third Runner from 3rd tries for Home, SAFE, throw by CF to home
|
Batting: RHB Andy Urquhart
|
0-0: Called Strike 0-1: Swinging Strike 0-2: Foul Ball, location: 2F 0-2: Ball 1-2: Foul Ball, location: 2F 1-2: Strikes out swinging
|
Top of the 7th over - 3 runs, 4 hits, 0 errors, 1 left on base; Lexington 4 - Greenville 8 |
BOTTOM OF THE 7TH |
Greenville Drive batting - Pitching for Lexington Legends : RHP Michiyo Takayama
|
Pitching: RHP Franklin Salazar
|
|
Batting: LHB Jarrett Mordecai
|
0-0: Called Strike 0-1: Called Strike 0-2: Ball 1-2: Strikes out looking
|
Batting: RHB Nick Cottrell
|
0-0: Called Strike 0-1: Swinging Strike 0-2: Reached on error, E4 (Groundball, 4, EV 82.5 MPH)
|
Batting: RHB Adugna Chandu
|
0-0: Called Strike Nick Cottrell steals 2nd base (no throw) 0-1: Foul Ball, location: 2F 0-2: Foul Ball, location: 2F 0-2: Fly out, F7 (Flyball, 7LM, EV 93.1 MPH)
|
Batting: RHB Jose Diaz
|
0-0: Called Strike 0-1: SINGLE (Groundball, 6MD, EV 99.4 MPH) Nick Cottrell to third Runner from 3rd tries for Home, SAFE, throw by CF to home Jose Diaz to second
|
Batting: RHB John Chiesa
|
0-0: Foul Ball, location: 2F 0-1: Foul Ball, location: 2F 0-2: Ball 1-2: Ball 2-2: Ball 3-2: SINGLE (Groundball, 56D, EV 105.6 MPH) Jose Diaz to third Runner from 3rd tries for Home, SAFE, throw by LF to home
|
Batting: RHB David Norum
|
0-0: Called Strike 0-1: Ball 1-1: Called Strike John Chiesa steals 2nd base (no throw) 1-2: Ball 2-2: SINGLE (Line Drive, 9S, EV 90.0 MPH) John Chiesa to third Runner from 3rd tries for Home, SAFE, throw by RF to home
|
Batting: LHB Frank Olivo
|
0-0: Called Strike David Norum steals 2nd base 0-1: Ball 1-1: Fly out, F8 (Flyball, 89D, EV 90.0 MPH)
|
Bottom of the 7th over - 3 runs, 3 hits, 1 error, 1 left on base; Lexington 4 - Greenville 11 |
TOP OF THE 8TH |
Lexington Legends batting - Pitching for Greenville Drive : RHP Jose Escobar
|
Batting: LHB Robert Wilkins
|
0-0: Ball 1-0: Called Strike 1-1: Fly out, F6 (Line Drive, 6, EV 68.8 MPH)
|
Batting: LHB Danny Bailey
|
0-0: Ball 1-0: SINGLE (Groundball, 34D, EV 95.6 MPH)
|
Batting: RHB Eric Davis
|
0-0: Foul Ball, location: 2F 0-1: Grounds into double play, 4-6-3 (Groundball, 4, EV 103.8 MPH)
|
Top of the 8th over - 0 runs, 1 hit, 0 errors, 0 left on base; Lexington 4 - Greenville 11 |
BOTTOM OF THE 8TH |
Greenville Drive batting - Pitching for Lexington Legends : RHP Franklin Salazar
|
Pinch Hitting: RHB Norimoto Miyanishi
|
0-0: Called Strike 0-1: Fly out, F7 (Flyball, 7, EV 97.5 MPH)
|
Pitching: LHP Ryan Tillett
|
|
Batting: LHB Sergio Tinoco
|
0-0: Called Strike 0-1: SINGLE (Line Drive, 9S, EV 100.0 MPH)
|
Pinch Hitting: RHB Joel Vazquez
|
0-0: Called Strike 0-1: DOUBLE (Line Drive, 9LS, EV 96.2 MPH) Sergio Tinoco to third Runner from 3rd tries for Home, SAFE, throw by RF to home
|
Batting: RHB Nick Cottrell
|
0-0: Ball 1-0: Ball 2-0: Ball 3-0: Base on Balls
|
Batting: RHB Adugna Chandu
|
0-0: Reached on error, E4 (Groundball, 4, EV 101.2 MPH) Joel Vazquez to third Nick Cottrell to second
|
Batting: RHB Jose Diaz
|
0-0: Ball 1-0: DOUBLE (Line Drive, 89D, EV 110.0 MPH) Joel Vazquez scores Nick Cottrell scores Adugna Chandu to third
|
Batting: RHB John Chiesa
|
0-0: Ball 1-0: Called Strike 1-1: Foul Ball, location: 2F 1-2: Foul Ball, location: 2F 1-2: Ball 2-2: SINGLE (Flyball, 34D, EV 86.2 MPH) Adugna Chandu scores Jose Diaz to third
|
Pitching: RHP Rob Penton
|
|
Batting: RHB David Norum
|
0-0: Ground out 4-3 (Groundball, 4M, EV 101.9 MPH) Jose Diaz scores John Chiesa to second
|
Batting: LHB Frank Olivo
|
0-0: Called Strike 0-1: Ball 1-1: Called Strike 1-2: Foul Ball, location: 2F 1-2: Ball 2-2: Ball 3-2: Base on Balls
|
Batting: RHB Norimoto Miyanishi
|
0-0: Called Strike 0-1: Ball 1-1: Called Strike 1-2: Ball 2-2: Ground out 1-3 (Groundball, 15, EV 65.6 MPH)
|
Bottom of the 8th over - 5 runs, 4 hits, 1 error, 2 left on base; Lexington 4 - Greenville 16 |
TOP OF THE 9TH |
Lexington Legends batting - Pitching for Greenville Drive : RHP Jose Escobar
|
Now at 1B: Sugao Hira
|
|
Now in CF: Norimoto Miyanishi
|
|
Now in RF: John Chiesa
|
|
Batting: SHB Dan Langston
|
0-0: Called Strike 0-1: Swinging Strike 0-2: Strikes out swinging
|
Batting: RHB Nate Mumaw
|
0-0: Ground out 5-3 (Groundball, 56S, EV 83.1 MPH)
|
Pinch Hitting: RHB Grant Conlon
|
0-0: Foul Ball, location: 2F 0-1: Ball 1-1: Fly out, F5 (Popup, 56S, EV 73.1 MPH)
|
Top of the 9th over - 0 runs, 0 hits, 0 errors, 0 left on base; Lexington 4 - Greenville 16 |
|